 Dungeon Crawl Stone Soup version 0.17-a0-2122-g03d97ec (webtiles) character file.

219 SlimeFever the Sneak (level 5, -2/35 HPs)
             Began as a Vampire Enchanter on Oct 21, 2015.
             Was an Initiate of Dithmenos.
             Killed by divine providence
             ... invoked by an orc priest
              (11 damage)
             ... on level 3 of the Dungeon.
             The game lasted 00:17:08 (1947 turns).

SlimeFever the Sneak (Vampire Enchanter)            Turns: 1947, Time: 00:17:09

Health: -2/35      AC:  8    Str:  7    XL:     5   Next: 64%
Magic:  0/8        EV: 10    Int: 19    God:    Dithmenos [......]
Gold:   145        SH:  0    Dex: 14    Spells: 4 memorised, 0 levels left

rFire  . . .     SeeInvis +     a - +1 dagger
rCold  + . .     Clarity  .     h - +0 ring mail
rNeg   + + .     SustAt   .     (no shield)
rPois  +         Gourm    .     (no helmet)
rElec  .         Spirit   .     j - +2 cloak
rCorr  .         Warding  .     (no gloves)
rMut   .         Stasis   .     (no boots)
MR     .....                    (no amulet)
Stlth  +++.......               (no ring)
                                (no ring)

@: very slightly contaminated, regenerating slowly, not resistant to hostile
enchantments, fairly stealthy
A: fangs 3, see invisible, unbreathing
a: Bat Form, Renounce Religion


You were on level 3 of the Dungeon.
You worshipped Dithmenos.
Dithmenos was noncommittal.
You were thirsty.

You visited 1 branch of the dungeon, and saw 3 of its levels.

You collected 145 gold pieces.

Inventory:

Hand Weapons
 a - a +1 dagger (weapon)
 m - a +0 short sword
Missiles
 i - 25 arrows
Armour
 b - a +1 robe
 e - a +0 plate armour
 h - a +0 ring mail (worn)
 j - a +2 cloak (worn)
Scrolls
 g - a scroll of remove curse
Potions
 d - a potion of blood
 f - a potion of invisibility {unknown}
 k - a potion of haste
 l - a potion of agility {unknown}
Books
 c - a book of Maledictions

   Spells                             Type                      Level
   a - Corona                         Hexes                        1
   b - Ensorcelled Hibernation        Hexes/Ice                    2
   c - Confuse                        Hexes                        3
   d - Tukima's Dance                 Hexes                        3
   e - Dazzling Spray                 Conjuration/Hexes            3


   Skills:
 + Level 0.1 Fighting
 * Level 2.9 Short Blades
 * Level 1.5 Armour
 + Level 3.2 Dodging
 + Level 5.6 Stealth
 + Level 0.2 Unarmed Combat
 + Level 2.6 Spellcasting
 + Level 5.3 Hexes
 + Level 0.4 Ice Magic


You couldn't memorise any spells.
You knew the following spells:

 Your Spells              Type           Power        Failure   Level  Hunger
a - Corona                Hex            ###....      8%          1    #......
b - Ensorcelled Hibernat  Hex/Ice        ##....       24%         2    ##.....
c - Tukima's Dance        Hex            ###.....     17%         3    ###....
d - Confuse               Hex            ###.....     17%         3    ###....


Dungeon Overview and Level Annotations

Branches:
Dungeon (3/15)

Altars:
Ashenzari
Dithmenos
Elyvilon
Gozag
Kikubaaqudgha
Makhleb
Nemelex Xobeh
Vehumet
Yredelemnul


Innate Abilities, Weirdness & Mutations

You heal slowly.
You have razor-sharp teeth.
You have supernaturally acute eyesight.
You can survive without breathing.


Message History

The orc hits you but does no damage.
Casting: Ensorcelled Hibernation
Confirm with . or Enter, or press ? or * to list all spells.
Aiming: Corona
Press: ? - help, Shift-Dir - straight line, f - orc
Aim: an orc, wielding a short sword and wearing a ring mail (lightly wounded, chance to defeat MR: 88%)
The orc is outlined in light.
The orc priest calls down the wrath of Beogh upon you.
Something smites you!
* * * LOW HITPOINT WARNING * * *
The orc barely misses you.
You barely miss the orc. Your bite misses the orc.
The orc is lightly wounded.
You hit the orc but do no damage.
The orc is lightly wounded.
The orc hits you with a short sword.
* * * LOW HITPOINT WARNING * * *
The orc priest calls down the wrath of Beogh upon you.
Something smites you!
You die...

.....# .... #...
#.####..#
........#
#.......#
#######o# #o#
#######@##
#........#
#.#####..# #..#
.#<#####..######
.......#........
#....######
#.###.....#
#........##


You could see an orc priest and an orc.

Vanquished Creatures
  A human (D:2)
  2 adders (D:2)
  A gnoll (D:1)
  An ooze (D:1)
  A worm (D:2)
  A giant gecko (D:2)
  An orc (D:3)
  8 bats
  3 giant cockroaches
  4 hobgoblins
  A quokka (D:2)
  4 giant newts
  3 goblins (D:1)
  5 kobolds
  2 kobold skeletons (D:2)
  4 rats
42 creatures vanquished.

Notes
Turn   | Place    | Note
--------------------------------------------------------------
     0 | D:1      | SlimeFever the Vampire Enchanter began the quest for the Orb.
     0 | D:1      | Reached XP level 1. HP: 13/13 MP: 3/3
   322 | D:1      | Reached XP level 2. HP: 19/19 MP: 5/5
   326 | D:1      | Learned a level 2 spell: Ensorcelled Hibernation
   383 | D:1      | Reached skill level 5 in Stealth
   383 | D:1      | Reached skill level 5 in Hexes
   767 | D:1      | Reached XP level 3. HP: 18/24 MP: 3/6
  1191 | D:2      | Found a shadowy altar of Dithmenos.
  1191 | D:2      | Found an ancient bone altar of Kikubaaqudgha.
  1195 | D:2      | Became a worshipper of Dithmenos the Shadowed
  1388 | D:2      | Found a sparkling altar of Nemelex Xobeh.
  1391 | D:2      | Found a burning altar of Makhleb.
  1400 | D:2      | Noticed a human
  1401 | D:2      | Found a runed door.
  1411 | D:2      | Found a basalt altar of Yredelemnul.
  1421 | D:2      | Reached XP level 4. HP: 30/30 MP: 5/7
  1445 | D:2      | Found an opulent altar of Gozag.
  1445 | D:2      | Found a radiant altar of Vehumet.
  1463 | D:2      | Found a shattered altar of Ashenzari.
  1463 | D:2      | Found a basalt altar of Yredelemnul.
  1464 | D:2      | Found a white marble altar of Elyvilon.
  1782 | D:2      | Killed a human
  1782 | D:2      | Reached skill level 1 in Armour
  1782 | D:2      | Reached XP level 5. HP: 26/35 MP: 0/8
  1897 | D:3      | Found a faded altar to an unknown god.
  1902 | D:3      | Learned a level 3 spell: Tukima's Dance
  1906 | D:3      | Learned a level 3 spell: Confuse
  1947 | D:3      | Killed from afar by an orc priest

Vault maps used:
D:1:      sevenhm_arrival_forest_fort_large_2, minmay_bisected
D:2:      grunt_temple_overflow_open, gammafunk_temple_overflow_wave,
          minmay_misc_feat_cross, dk_yredelemnul_ordeal
D:3:      old_standard_altar, ecumenical_altar_1, uniq_natasha

Action                   |  1- 3 |  4- 6 || total
-------------------------+-------+-------++-------
Melee: Dagger            |   104 |    44 ||   148
       Unarmed           |       |     2 ||     2
 Cast: Corona            |    15 |     5 ||    20
       Ensorcelled Hiber |     9 |     6 ||    15
 Abil: End Transformatio |       |     1 ||     1
       Bat Form          |       |     1 ||     1
  Use: Scroll            |     3 |       ||     3
 Stab: Sleeping          |    19 |     4 ||    23
  Eat: Corpse            |     3 |     1 ||     4
